 Dungeon Crawl Stone Soup version 0.28.0-47-ge53b351184 (webtiles) character file.

Game seed: 1525319122007921919

30 Zeld the Sneak (level 3, -3/33 HPs)
             Began as a Draconian Delver on Apr 28, 2022.
             Slain by an iguana (8 damage)
             ... on level 5 of the Dungeon.
             The game lasted 00:00:39 (298 turns).

Zeld the Sneak (Draconian Delver)                    Turns: 298, Time: 00:00:40

Health: -3/33      AC:  5    Str: 16    XL:     3   Next: 5%
Magic:  3/3        EV: 12    Int: 10    God:
Gold:   69         SH:  0    Dex: 12    Spells: 2/2 levels left

rFire   . . .      SeeInvis .   a - +0 hand axe
rCold   . . .      Faith    .   (no shield)
rNeg    . . .      Spirit   .   (armour unavailable)
rPois   .          Reflect  .   (helmet restricted)
rElec   .          Harm     .   (no cloak)
rCorr   .          Rampage  .   (no gloves)
Will    .....                   (no boots)
Stlth   +++.......              (no amulet)
HPRegen 0.11/turn               (no ring)
MPRegen 0.08/turn               (no ring)

@: no status effects
A: AC +5, unfitting armour, cold-blooded
a: no special abilities


You were on level 5 of the Dungeon.
You visited 1 branch of the dungeon, and saw 2 of its levels.

You collected 69 gold pieces.

Inventory:

Hand Weapons
 a - a +0 hand axe (weapon)
Wands
 f - a wand of digging (3)
Scrolls
 b - a scroll of fog
 c - a scroll of magic mapping
 d - a scroll of fear
Potions
 e - a potion of haste
 g - 2 potions of lignification {unknown}
 h - a potion of brilliance {unknown}
 i - a potion of mutation {unknown}


   Skills:
 * Level 3.7 Fighting
 * Level 2.5 Axes
 + Level 2.0 Dodging
 + Level 4.6 Stealth
 + Level 0.7 Evocations


You had 2 spell levels left.
You didn't know any spells.
Your spell library was empty.

Dungeon Overview and Level Annotations

Branches:
Dungeon (5/15)
 Temple: D:4-7

Altars:
Kikubaaqudgha

Annotations:
D:4 Robin


Innate Abilities, Weirdness & Mutations

Your plain brown scales are hard. (AC +5)
You cannot fit into any form of body armour.
You are cold-blooded and may be slowed by cold attacks.


Message History

h - a golden potion
Found a stone staircase leading down.
You now have 69 gold pieces (gained 10).
i - a bubbling dark potion
Found an escape hatch in the ceiling.
There is an escape hatch in the ceiling here.
There is an escape hatch in the ceiling here.
An iguana comes into view.
The iguana hisses angrily.
An iguana is nearby!
The iguana barely misses you.
You hit the iguana.
The iguana is lightly wounded.
The iguana completely misses you.
You hit the iguana.
The iguana is moderately wounded.
The iguana barely misses you.
You hit the iguana but do no damage.
The iguana is moderately wounded.
The iguana closely misses you. The iguana bites you!
You hit the iguana. You tail-slap the iguana.
The iguana is heavily wounded.
The iguana bites you.
You closely miss the iguana.
The iguana is heavily wounded.
The iguana bites you!
* * * LOW HITPOINT WARNING * * *
You are too injured to fight recklessly!
You hit the iguana. You tail-slap the iguana.
The iguana is almost dead.
The iguana barely misses you.
You hit the iguana.
The iguana is almost dead.
The iguana bites you.
* * * LOW HITPOINT WARNING * * *
Unknown command.
You barely miss the iguana.
The iguana is almost dead.
The iguana bites you!
You die...

##### ...# ###
#... ...
##..###### #.#
#........ #.#
.##.....######.#l#
...[.<.........#@#
####.##.########.#
............^.##.#
####.###.####.##.#
#.###.####.##.#
#...#....#.##.#
#####.####.#.##.#
....>#..#.#.##.#
#.#......#.##.#


You could see an iguana.

Vanquished Creatures
  Natasha (D:4)
  A dart slug (D:4)
  A goblin (D:4)
  A ball python (D:4)
4 creatures vanquished.

Notes
Turn   | Place    | Note
-------+----------+-------------------------------------------
     0 | D:5      | Zeld the Draconian Delver began the quest for the Orb.
     0 | D:5      | Reached XP level 1. HP: 19/19 MP: 1/1
    94 | D:4      | Found an ancient bone altar of Kikubaaqudgha.
    95 | D:4      | Noticed Natasha
   106 | D:4      | Noticed a crimson imp
   107 | D:4      | Noticed a crimson imp
   108 | D:4      | Killed Natasha
   109 | D:4      | Reached XP level 2. HP: 23/27 MP: 2/2
   109 | D:4      | Reached XP level 3. HP: 28/33 MP: 3/3
   182 | D:4      | Noticed Robin
   298 | D:5      | Slain by an iguana

Illustrated notes

Levels and vault maps discovered:
D:4:      layout_basic, amcnicky_altar_gilded, uniq_robin, uniq_natasha
D:5:      layout_basic

Skill      XL: |  1 |
---------------+----+-----
Dodging        | 2 |  2.0
Fighting       | |  3.7
Axes           | |  2.5
Stealth        | |  4.6
Evocations     | |  0.7

Action                   || total
-------------------------++-------
Melee: Hand axe          ||    20
       Tailslap          ||     5
 Stab: Sleeping          ||     1
Armor: Skin              ||     3
Dodge: Dodged            ||    10
